 Dungeon Crawl Stone Soup version 0.29-a0-91-gdebf4667c2 (webtiles) character file.

Game seed: 15970551418894802096

81 lordive the Sneak (level 4, -3/27 HPs)
             Began as a Kobold Brigand on Feb 7, 2022.
             Slain by an orc priest (6 damage)
             ... on level 3 of the Dungeon.
             The game lasted 00:02:12 (1871 turns).

lordive the Sneak (Kobold Brigand)                  Turns: 1871, Time: 00:02:13

Health: -3/27      AC:  4    Str:  8    XL:     4   Next: 68%
Magic:  4/4        EV: 13    Int: 14    God:
Gold:   74         SH:  0    Dex: 16    Spells: 3/3 levels left

rFire   . . .      SeeInvis .   f - +0 dagger (elec)
rCold   . . .      Faith    .   (no shield)
rNeg    . . .      Spirit   .   g - +0 leather armour
rPois   .          Reflect  .   (no helmet)
rElec   .          Harm     .   c - +0 cloak
rCorr   .          Rampage  .   (no gloves)
Will    .....                   (no boots)
Stlth   ++++......              (no amulet)
HPRegen 0.09/turn               (no ring)
MPRegen 0.09/turn               (no ring)

@: no status effects
A: small, no large weapons, nightstalker 3
a: no special abilities


You were on level 3 of the Dungeon.
You visited 1 branch of the dungeon, and saw 3 of its levels.

You collected 74 gold pieces.

Inventory:

Hand Weapons
 a - a +2 dagger
 f - a +0 dagger of electrocution (weapon)
Missiles
 d - 8 poisoned darts (quivered)
 e - 2 curare-tipped darts
Armour
 b - a +0 robe
 c - a +0 cloak (worn)
 g - a +0 leather armour (worn)
Scrolls
 j - a scroll of noise {unknown}
Potions
 h - a potion of curing {unknown}
 i - a potion of attraction {unknown}
 k - a potion of flight {unknown}


   Skills:
 * Level 2.9 Fighting
 + Level 3.3 Short Blades
 + Level 2.2 Throwing
 + Level 0.6 Armour
 + Level 1.5 Dodging
 + Level 6.8 Stealth


You had 3 spell levels left.
You didn't know any spells.
Your spell library contained the following spells:

 Spells                   Type           Power      Damage    Failure   Level
 Magic Dart               Conj           0%         1d3       38%         1
 Call Imp                 Summ           0%         N/A       52%         2
 Mephitic Cloud           Conj/Pois/Air  0%         N/A       77%         3


Dungeon Overview and Level Annotations

Branches:
Dungeon (3/15)

Altars:


Innate Abilities, Weirdness & Mutations

You are small and have problems with some larger weapons.
You are completely attuned to the shadows.


Message History

You hit the goblin but do no damage.
The goblin is moderately wounded.
The goblin barely misses you.
You closely miss the goblin.
The goblin is moderately wounded.
The goblin hits you but does no damage.
You hit the goblin.
The goblin is heavily wounded.
The goblin completely misses you.
You hit the goblin. Lightning courses through the goblin!
You kill the goblin!
Things that are here:
a +0 dagger; a jackal corpse; a frilled lizard corpse
Things that are here:
a +0 short sword; 2 boomerangs; a +0 scale mail
There is a stone staircase leading up here.
You start resting.
HP restored.
You climb upwards.
There is a stone staircase leading down here.
You hit the orc priest but do no damage.
Lightning courses through the orc priest!
The orc priest is severely wounded.
The hobgoblin misses you. The orc priest misses you. The hobgoblin hits you.
You climb downwards.
There is a stone staircase leading up here.
You completely miss the orc priest.
The orc priest is severely wounded.
The orc priest hits you with a +0 mace. The hobgoblin hits you.
You closely miss the orc priest.
The orc priest is severely wounded.
The orc priest mumbles some strange prayers to Beogh against you.
Beogh smites you!
* * * LOW HITPOINT WARNING * * *
The hobgoblin closely misses you.
You hit the orc priest.
The orc priest is severely wounded.
The orc priest hits you with a +0 mace.
You die...

###.#.
.... #
..#.#
######.#.#
.........#
....##)###
..#. #.# .
..##[#
.....@#
...go#
..#### ..


You could see an orc priest and a hobgoblin.

Vanquished Creatures
  2 adders (D:2)
  3 dart slugs
  2 orcs
  7 endoplasms
  2 giant cockroaches
  3 hobgoblins (D:1)
  9 jackals
  2 kobolds
  3 ball pythons
  4 bats
  3 frilled lizards
  6 goblins
  6 rats
52 creatures vanquished.

Notes
Turn   | Place    | Note
-------+----------+-------------------------------------------
     0 | D:1      | lordive the Kobold Brigand began the quest for the Orb.
     0 | D:1      | Reached XP level 1. HP: 12/12 MP: 1/1
   105 | D:1      | Reached XP level 2. HP: 17/17 MP: 2/2
   131 | D:1      | Reached skill level 6 in Stealth
   249 | D:1      | Reached XP level 3. HP: 22/22 MP: 3/3
  1061 | D:2      | Reached XP level 4. HP: 27/27 MP: 4/4
  1871 | D:3      | Slain by an orc priest

Illustrated notes

Levels and vault maps discovered:
D:1:      dpeg_arrival_short_road, layout_loops_ring
D:2:      layout_basic
D:3:      layout_basic, minmay_misc_feat_room, uniq_natasha

Skill      XL: |  1  2  3 |
---------------+----------+-----
Stealth        | 6 |  6.8
Short Blades   | 3 |  3.3
Fighting       | |  2.9
Throwing       | |  2.2
Armour         | |  0.6
Dodging        | |  1.5

Action                   |  1- 3 |  4- 6 || total
-------------------------+-------+-------++-------
Melee: Dagger            |    82 |    95 ||   177
       Punch             |       |     4 ||     4
 Stab: Sleeping          |    20 |     5 ||    25
Armor: Robe              |     4 |       ||     4
       Leather armour    |    22 |    19 ||    41
Dodge: Dodged            |    26 |    69 ||    95

Table legend: (Time is in decaauts)
 A = Elapsed time spent in this place.
 B = Non-inter-level travel time spent in this place.
 C = Inter-level travel time spent in this place.
 D = Time resting spent in this place.
 E = Time spent auto-exploring this place.
 F = Levels seen in this place.
 G = Mean time per level.
                   A        B        C        D        E       F      G
               +--------+--------+--------+--------+--------+-----+--------+
         Total |   1843 |   1799 |     44 |    230 |   1223 |   3 |  614.3 |
       Dungeon |   1843 |   1799 |     44 |    230 |   1223 |   3 |  614.3 |
               +--------+--------+--------+--------+--------+-----+--------+

Top non-repeatable levels by time:
     D:1: 838 daAuts
     D:2: 707 daAuts
     D:3: 297 daAuts
